 Dungeon Crawl Stone Soup version 0.30-b1-2-g02819fbbbe (webtiles) character file.

Game seed: 1761012267623686451

15 Alarkh the Shooter (level 2, 23/23 HPs)
             Began as a Demonspawn Hunter on July 11, 2023.
             Got out of the dungeon alive.
             The game lasted 00:00:40 (144 turns).

Alarkh the Shooter (Demonspawn Hunter)               Turns: 144, Time: 00:00:41

Health: 23/23      AC:  3    Str: 11    XL:     2   Next: 34%
Magic:  2/2        EV: 11    Int: 10    God:
Gold:   25         SH:  0    Dex: 16    Spells: 1/1 levels left

rFire   . . .        a - +0 shortbow
rCold   . . .        (shield currently unavailable)
rNeg    . . .        c - +0 leather armour
rPois   .            (no helmet)
rElec   .            (no cloak)
rCorr   .            (no gloves)
SInv    .            (no boots)
Will    .....        (no amulet)
Stlth   +            (no ring)
HPRegen 0.23/turn    (no ring)
MPRegen 0.08/turn

%: no passive effects
@: no status effects
A: hooves 1
a: no special abilities


You escaped.
You visited 1 branch of the dungeon, and saw 1 of its levels.

You collected 25 gold pieces.

Inventory:

Hand Weapons
 a - a +0 shortbow (weapon)
Armour
 c - a +0 leather armour (worn)
Scrolls
 b - a scroll of immolation
Potions
 d - a potion of curing {unknown}
 e - a potion of haste {unknown}


   Skills:
 + Level 2.3 Fighting
 * Level 4.0 Ranged Weapons
 - Level 1.7 Dodging
 - Level 0.8 Stealth


You had one spell level left.
You didn't know any spells.
Your spell library was empty.

Dungeon Overview and Level Annotations

Branches:
Dungeon (1/15)

Altars:


Innate Abilities, Weirdness & Mutations

You have large cloven feet.


Message History

The arrow closely misses the goblin.
You shoot an arrow. The arrow barely misses the jackal.
The arrow hits the goblin.
The goblin is severely wounded.
The jackal bites you but does no damage.
The jackal misses you.
You shoot an arrow. The arrow hits the jackal.
You kill the jackal!
You shoot an arrow. The arrow hits the goblin!
You kill the goblin!
Your Ranged Weapons skill increases to level 4!
No target in view!
No target in view!
A goblin comes into view. It is wielding a +0 club.
The goblin shouts!
You see here a jackal corpse.
You shoot an arrow. The arrow barely misses the goblin.
A ball python comes into view.
You shoot an arrow. The ball python hisses angrily.
The arrow hits the goblin.
You kill the goblin!
You shoot an arrow.
The arrow closely misses the ball python.
A quokka comes into view.
You shoot an arrow. The arrow hits the ball python.
You kill the ball python!
You shoot an arrow. The arrow misses the quokka.
You shoot an arrow. The arrow hits the quokka.
You kill the quokka!
No target in view!
No target in view!
Unknown command.
Things that are here:
a +0 short sword; a +0 club You enter the shallow water.
Moving in this stuff is going to be slow.
There is a staircase leading out of the dungeon here.
Are you sure you want to leave the Dungeon?
This will make you lose the game!
You have escaped!

.... #.. ..~♣
♣♣~.# ~~≈♣♣≈≈~~
#.###. ≈~~~~~≈
...... ♣♣~~~~~♣♣
...... ♣≈~~~~~≈♣
......
#.#.♣≈~~~~~≈♣ (...
##.#.♣≈~~@~~≈♣ #..
#....♣≈~~~~~≈♣ #.#
#....♣≈~~~~~♣♣ .#
##.#
#....♣♣~~~~~≈♣ ##.
#...
#....♣≈~~~~~♣♣#
#..###...
#....~~♣≈♣♣≈~~#
#..#....#
#.....~♣♣♣♣♣~.#
#.##..#..
#.......###.#.#
#.....#..
####...>....##...#
#..####..


There were no monsters in sight!

Vanquished Creatures
  An endoplasm (D:1)
  3 goblins (D:1)
  4 jackals (D:1)
  A quokka (D:1)
  2 ball pythons (D:1)
  A kobold (D:1)
  A rat (D:1)
13 creatures vanquished.

Notes
Turn   | Place    | Note
-------+----------+-------------------------------------------
     0 | D:1      | Alarkh the Demonspawn Hunter began the quest for the Orb.
     0 | D:1      | Reached XP level 1. HP: 16/16 MP: 1/1
   101 | D:1      | Gained mutation: You have large cloven feet. [demonic
                  | ancestry]
   101 | D:1      | Reached XP level 2. HP: 22/22 MP: 2/2
   106 | D:1      | Reached skill level 4 in Ranged Weapons
   144 | D:$      | Got out of the dungeon alive.

Illustrated notes

Levels and vault maps discovered:
D:1:      reono_arrival_forest_river, layout_rooms, amethyst_killhole

Skill      XL: |  1  2 |
---------------+-------+-----
Ranged Weapons | 4 |  4.0
Fighting       | |  2.3
Dodging        | |  1.7
Stealth        | |  0.8

Action                     || total
---------------------------++-------
   Fire: Shortbow          ||    28
 Armour: Leather armour    ||     1
  Dodge: Dodged            ||     3
